[Event "World Junior Chess Championship U20 2022"]
[White "Stolyarsky, Yegor"]
[Black "Bettalli, Francesco"]
[WhiteFideId "2814595"]
[BlackFideId "2816453"]
[WhiteElo "1987"]
[BlackElo "2267"]
[Result "0-1"]
[Round "05"]
[TimeControl "5400+30"]
[Date "2022.10.15"]
[WhiteClock "0:05:49"]
[BlackClock "0:13:38"]

1. d4 Nf6 2. c4 c5 3. d5 a6 4. a4 d6 5. Nc3 g6 6. e4 e6 7. Nf3 Bg7 8. h3 Qe7 9. Be3 a5 10. e5 dxe5 11. d6 Qd8 12. Bxc5 Nfd7 13. Be3 O-O 14. Qd2 Na6 15. g4 Ndc5 16. Rd1 Bd7 17. Bg2 Bc6 18. O-O Qd7 19. Bh6 Bxh6 20. Qxh6 f6 21. g5 Bxf3 22. Bxf3 f5 23. h4 Rf7 24. Kg2 Nb4 25. Be2 Rg7 26. Rh1 Nc6 27. h5 Rd8 28. Nb5 Ne4 29. Bf3 Nxg5 30. Qxg5 gxh5 31. Rxh5 Rxg5+ 32. Rxg5+ Kh8 33. Bxc6 Qxc6+ 34. f3 Qxc4 35. Rg1 Qxa4 36. Nc7 Qd7 37. Kh2 Qxd6 38. Rg7 Qd2+ 39. R1g2 Qh6+ 40. Kg1 Rd1+ 41. Kf2 Qxg7 0-1


[Site "http://www.chessbomb.com"]

[Event "World Junior Chess Championship U20 2022"]
[White "Cappelletto, Joshuaede"]
[Black "Momin, Fayzan"]
[WhiteFideId "2824383"]
[BlackFideId "7805225"]
[WhiteElo "2337"]
[BlackElo "1974"]
[Result "0-1"]
[Round "05"]
[TimeControl "5400+30"]
[Date "2022.10.15"]
[WhiteClock "0:52:42"]
[BlackClock "0:53:00"]

1. e4 c5 2. Nf3 d6 3. d4 cxd4 4. Nxd4 Nf6 5. Nc3 a6 6. h3 e5 7. Nb3 Be7 8. Be3 Nbd7 9. a4 b6 10. g4 Bb7 11. Bg2 Rc8 12. g5 Rxc3 13. gxf6 Rxe3+ 14. fxe3 Nxf6 15. Qd3 O-O 16. a5 b5 17. O-O-O Qa8 18. Rhg1 Nxe4 19. Qe2 g6 20. Nd2 Nxd2 21. Qxd2 e4 22. Kb1 d5 23. Rdf1 Qd8 24. Rf2 Qd6 25. Qd4 Qc5 26. Qe5 Qd6 27. Qd4 f5 28. Qa7 Qc7 29. Qd4 Bh4 30. Rff1 Bf6 31. Qd2 Qe5 32. c3 Qc7 33. h4 Bxh4 34. Bh3 Qe5 35. Rf4 Be7 36. Qf2 Bc8 37. Bf1 Rf7 38. Qd2 Be6 39. Be2 Bd8 40. Bd1 Bxa5 41. Rh4 Bd8 42. Rh3 Bf6 43. Rhg3 Rg7 44. Bb3 g5 45. R3g2 h5 46. Kc2 h4 47. Qc1 g4 48. Rd2 Rc7 49. Qa1 b4 0-1


[Site "http://www.chessbomb.com"]

[Event "World Junior Chess Championship U20 2022"]
[White "Pennica, Andrea"]
[Black "Raahul, V S"]
[WhiteFideId "2816828"]
[BlackFideId "25035525"]
[WhiteElo "2037"]
[BlackElo "2333"]
[Result "1-0"]
[Round "05"]
[TimeControl "5400+30"]
[Date "2022.10.15"]
[WhiteClock "0:08:59"]
[BlackClock "0:19:05"]

1. e4 e6 2. d4 d5 3. Nc3 Nf6 4. Bg5 Be7 5. e5 Nfd7 6. h4 Nc6 7. Qd2 Nb6 8. O-O-O Bd7 9. Kb1 h6 10. Bxe7 Qxe7 11. f4 O-O-O 12. Nf3 f6 13. Re1 f5 14. b3 Be8 15. Kb2 Bh5 16. Bb5 Nb8 17. Be2 N8d7 18. Reg1 Rhg8 19. a4 Qb4 20. Qe3 a6 21. Ra1 Kb8 22. a5 Nc8 23. Ra4 Qe7 24. b4 b5 25. axb6 Ncxb6 26. Ra3 Qxb4+ 27. Rb3 Qe7 28. Qd3 Nf8 29. Qxa6 Qd7 30. Ra1 Qc6 31. Qa7+ Kc8 32. Ba6+ 1-0


[Site "http://www.chessbomb.com"]

[Event "World Junior Chess Championship U20 2022"]
[White "Cotic, Borna"]
[Black "Vairo, Rocco Enrico"]
[WhiteFideId "14542307"]
[BlackFideId "2839437"]
[WhiteElo "2133"]
[BlackElo "1960"]
[Result "1-0"]
[Round "05"]
[TimeControl "5400+30"]
[Date "2022.10.15"]
[WhiteClock "0:15:36"]
[BlackClock "0:34:48"]

1. e4 c5 2. Nf3 Nc6 3. Bb5 g6 4. Bxc6 dxc6 5. d3 Bg7 6. h3 Nf6 7. Nc3 O-O 8. Be3 b6 9. Qd2 e5 10. Bh6 Qd6 11. O-O-O b5 12. Bxg7 Kxg7 13. Nh2 Be6 14. Rdf1 Rad8 15. Ng4 Nh5 16. Qh6+ Kg8 17. f4 f6 18. f5 Bf7 19. fxg6 Bxg6 20. Rf3 c4 21. dxc4 bxc4 22. Rd1 Qe7 23. Rxd8 Rxd8 24. Qe3 Rb8 25. Rf2 Qb4 26. Nd1 Qe7 27. Rd2 Rd8 28. Rxd8+ Qxd8 29. Qxa7 Nf4 30. Qd7 Qxd7 31. Nxf6+ Kg7 32. Nxd7 Bxe4 33. Nxe5 Bxg2 34. a4 Nxh3 35. Ne3 Be4 36. N5xc4 Ng5 37. a5 c5 38. c3 h5 39. Nd6 Bf3 40. b4 cxb4 41. cxb4 Ne6 42. b5 Nc5 43. Kc2 Kf6 44. Kc3 h4 45. Kc4 h3 46. Kxc5 h2 47. Ne4+ Ke5 48. Nf2 Kf4 49. Nf1 1-0


[Site "http://www.chessbomb.com"]

[Event "World Junior Chess Championship U20 2022"]
[White "Urbani, Gabriel"]
[Black "De Ieso, Lorenzo"]
[WhiteFideId "2830138"]
[BlackFideId "2894101"]
[WhiteElo "2129"]
[BlackElo "1938"]
[Result "1-0"]
[Round "05"]
[TimeControl "5400+30"]
[Date "2022.10.15"]
[WhiteClock "0:06:34"]
[BlackClock "0:17:27"]

1. e4 c5 2. Nf3 d6 3. d4 cxd4 4. Nxd4 Nf6 5. Nc3 a6 6. Be2 e5 7. Nb3 Be7 8. Be3 Be6 9. Nd5 Nbd7 10. f3 Nxd5 11. exd5 Bf5 12. O-O Bg5 13. f4 exf4 14. Bxf4 Bxf4 15. Rxf4 Bg6 16. c4 O-O 17. Qd4 Rc8 18. Raf1 Nf6 19. Nd2 Re8 20. Bd3 Bxd3 21. Qxd3 Qb6+ 22. Kh1 Qe3 23. Qxe3 Rxe3 24. Rd4 Re2 25. Kg1 Ng4 26. Ne4 Ne3 27. Nxd6 Rc7 28. Re4 h6 29. Rf3 Rxg2+ 30. Kh1 Rg6 31. Ne8 Rxc4 32. Rfxe3 Rc2 33. Re2 Rc8 34. d6 Rd8 35. Nf6+ 1-0


[Site "http://www.chessbomb.com"]

[Event "World Junior Chess Championship U20 2022"]
[White "Persico, Lorenzo"]
[Black "Gagic, Milan A"]
[WhiteFideId "899240"]
[BlackFideId "979805"]
[WhiteElo "2007"]
[BlackElo "2125"]
[Result "0-1"]
[Round "05"]
[TimeControl "5400+30"]
[Date "2022.10.15"]
[WhiteClock "0:10:45"]
[BlackClock "0:36:49"]

1. e4 e6 2. d4 d5 3. Nd2 c5 4. exd5 Qxd5 5. Ngf3 cxd4 6. Bc4 Qd6 7. O-O Nf6 8. Nb3 Nc6 9. Nbxd4 Nxd4 10. Nxd4 Be7 11. b3 O-O 12. Bb2 Bd7 13. Qf3 Bc6 14. Nxc6 Qxc6 15. Qxc6 bxc6 16. Ba6 Rad8 17. Rad1 Nd5 18. Bb7 Nb4 19. c3 Nd3 20. Ba1 Bc5 21. Rxd3 Rxd3 22. Bxc6 a5 23. Be4 Rd2 24. a4 Rfd8 25. g3 f5 26. Bf3 Rxf2 27. Rxf2 Rd2 28. b4 Bxf2+ 29. Kf1 Ba7 0-1


[Site "http://www.chessbomb.com"]

[Event "World Junior Chess Championship U20 2022"]
[White "Ballesteros Cardenas, Leonardo"]
[Black "Dimakis, Stavros"]
[WhiteFideId "3428141"]
[BlackFideId "25879472"]
[WhiteElo "2121"]
[BlackElo "1832"]
[Result "1-0"]
[Round "05"]
[TimeControl "5400+30"]
[Date "2022.10.15"]
[WhiteClock "0:05:50"]
[BlackClock "0:00:34"]

1. d4 d5 2. c4 e6 3. Nc3 c5 4. cxd5 cxd4 5. Qa4+ Bd7 6. Qxd4 exd5 7. Nf3 Nc6 8. Qd1 Bb4 9. e3 Nf6 10. a3 Bxc3+ 11. bxc3 O-O 12. Be2 Rc8 13. O-O Na5 14. Bb2 Bf5 15. Bd3 Bxd3 16. Qxd3 Nc4 17. Bc1 Qa5 18. Rd1 Ne4 19. h3 Nxc3 20. Bd2 Nb2 21. Bxc3 Rxc3 22. Qxd5 Rc5 23. Qxb7 Nxd1 24. Rxd1 Qxa3 25. Rd7 a5 26. Nd4 a4 27. Kh2 Qa2 28. Qb6 Rd5 29. Ra7 Rg5 30. Qc6 Qxf2 31. Qf3 Qa2 32. Nf5 g6 33. Nh6+ Kg7 34. Ng4 Rf5 35. Qc6 Qb2 36. e4 Qb8+ 37. Rc7 Rf1 38. Qc3+ 1-0


[Site "http://www.chessbomb.com"]

[Event "World Junior Chess Championship U20 2022"]
[White "Karsten, Jan"]
[Black "Gov, Guy"]
[WhiteFideId "14350653"]
[BlackFideId "2820200"]
[WhiteElo "1985"]
[BlackElo "2121"]
[Result "1/2-1/2"]
[Round "05"]
[TimeControl "5400+30"]
[Date "2022.10.15"]
[WhiteClock "0:06:41"]
[BlackClock "0:06:21"]

1. e4 e5 2. Nf3 Nc6 3. Bc4 Bc5 4. c3 Nf6 5. d3 d6 6. O-O a6 7. a4 Ba7 8. Re1 h6 9. Nbd2 g5 10. b4 Nh7 11. Kh1 O-O 12. d4 g4 13. Ng1 exd4 14. cxd4 Bxd4 15. Ra3 Bxf2 16. Rf1 Bd4 17. Ne2 Bg7 18. Nf4 Ne5 19. Ba2 Nf6 20. Bb2 Kh7 21. Qa1 Qe7 22. Nc4 Re8 23. Nxe5 dxe5 24. Nd3 Be6 25. Bxe5 Nh5 26. Bxg7 Nxg7 27. Bb1 Qg5 28. Qc3 Nh5 29. Nc5 Kg8 30. Nxe6 Rxe6 31. Qxc7 Rf6 32. Rxf6 Qxf6 33. Qc1 Rd8 34. Rd3 Nf4 35. Rxd8+ Qxd8 36. Bc2 Qf6 37. Qd1 h5 38. b5 axb5 39. axb5 Qb2 40. Qb1 Qd4 41. Qf1 Qe3 42. Bb1 Qd2 43. e5 Qe3 44. Ba2 Qxe5 45. Bc4 Qe4 46. Kg1 Qd4+ 47. Kh1 h4 48. Qc1 Kg7 49. Bf1 Qe4 50. Qc3+ Kh7 51. Qf6 h3 52. Qxf7+ Kh6 53. Qf6+ Ng6 54. Qf2 Kg5 55. Kg1 1/2-1/2


[Site "http://www.chessbomb.com"]

[Event "World Junior Chess Championship U20 2022"]
[White "Carroll, Peter"]
[Black "van der Merwe, Alexander"]
[WhiteFideId "2510243"]
[BlackFideId "14323842"]
[WhiteElo "2115"]
[BlackElo "1746"]
[Result "0-1"]
[Round "05"]
[TimeControl "5400+30"]
[Date "2022.10.15"]
[WhiteClock "0:01:39"]
[BlackClock "0:03:52"]

1. e4 c5 2. Nf3 d6 3. d4 cxd4 4. Nxd4 Nf6 5. Nc3 a6 6. h4 e5 7. Nb3 Be6 8. f4 exf4 9. Bxf4 Nc6 10. Qd2 Be7 11. O-O-O b5 12. Nd5 Ne5 13. Bxe5 dxe5 14. Qc3 Bxd5 15. exd5 Qd6 16. Qf3 O-O 17. g4 e4 18. Qf5 g6 19. Qg5 Rfd8 20. Bg2 Nxd5 21. Qd2 Qe5 22. Qe2 Bf6 23. c3 Re8 24. g5 Bg7 25. Rhe1 f5 26. gxf6 Nxf6 27. Kb1 Rad8 28. Rxd8 Rxd8 29. Nd4 Re8 30. a4 bxa4 31. Qxa6 Qg3 32. Re2 h5 33. Qxa4 Kh7 34. Qc6 Qd3+ 35. Ka2 Re7 36. Qc5 Qa6+ 37. Kb1 Ra7 38. Qb5 Qa1+ 39. Kc2 Re7 40. Qb4 Re8 41. Nb3 Qa6 42. Nc1 Qe6 43. Qc5 Qg4 44. Qg5 Qe6 45. Qg3 Bh6 46. Bh3 Qb6 47. Qf2 Qa6 48. Re1 Rd8 49. Rd1 Rb8 50. Nb3 e3 51. Qh2 Qb7 52. Be6 Qe4+ 53. Rd3 Bf4 54. Nc5 Qxd3+ 55. Kxd3 Bxh2 56. Kd4 0-1


[Site "http://www.chessbomb.com"]

[Event "World Junior Chess Championship U20 2022"]
[White "Liloni, Francesco Mattia"]
[Black "Tripodi, Enzo"]
[WhiteFideId "2872264"]
[BlackFideId "2822674"]
[WhiteElo "1876"]
[BlackElo "2113"]
[Result "1-0"]
[Round "05"]
[TimeControl "5400+30"]
[Date "2022.10.15"]
[WhiteClock "0:33:12"]
[BlackClock "0:06:34"]

1. e4 e6 2. Nf3 d5 3. Nc3 dxe4 4. Nxe4 Be7 5. d4 Nf6 6. Bd3 Nbd7 7. Nxf6+ Nxf6 8. c3 O-O 9. h4 b6 10. g4 Bb7 11. Rh3 c5 12. Ne5 cxd4 13. g5 Qd5 14. cxd4 Ne4 15. Be3 Bb4+ 16. Ke2 Rac8 17. f3 Nc5 18. Bc4 Ba6 19. b3 Na4 20. Kf2 Nb2 21. Qb1 Bxc4 22. bxc4 Nxc4 23. Qxb4 Nxe5 24. dxe5 Rc2+ 25. Kg1 Rd8 26. Re1 Qxe5 27. h5 Rb2 28. Bf4 Rxb4 29. Bxe5 a5 30. Rh2 a4 31. Rc2 Rh4 32. h6 Rh5 33. f4 gxh6 34. Bf6 Rb8 35. Rec1 Re8 36. Rc8 Kf8 37. Rxe8+ Kxe8 38. Rd1 Rxg5+ 39. fxg5 1-0


[Site "http://www.chessbomb.com"]

[Event "World Junior Chess Championship U20 2022"]
[White "Porcu, Riccardo"]
[Black "Javornik, Nik"]
[WhiteFideId "28536690"]
[BlackFideId "14636549"]
[WhiteElo "1759"]
[BlackElo "2064"]
[Result "0-1"]
[Round "05"]
[TimeControl "5400+30"]
[Date "2022.10.15"]
[WhiteClock "0:09:19"]
[BlackClock "0:41:37"]

1. d4 Nf6 2. c4 g6 3. Nc3 Bg7 4. e4 d6 5. Be2 O-O 6. Be3 a5 7. g4 a4 8. g5 Ne8 9. Nxa4 c5 10. Nc3 cxd4 11. Bxd4 f5 12. Bxg7 Nxg7 13. e5 dxe5 14. Qxd8 Rxd8 15. Nd5 Nc6 16. O-O-O Ne6 17. Nb6 Rxd1+ 18. Kxd1 Rb8 19. h4 Bd7 20. Nxd7 Rd8 21. Bf1 Rxd7+ 22. Kc1 Kf7 23. Ne2 Nb4 24. Nc3 Nf4 25. Rh2 e4 26. a3 Nc6 27. Nd5 Nxd5 28. cxd5 Ne5 29. Be2 Rxd5 30. Rh3 f4 31. Rb3 Rd7 32. Rb4 Nd3+ 33. Bxd3 Rxd3 34. Rxb7 e3 35. Rb4 e2 36. Rxf4+ Ke8 37. Re4 Rd1+ 38. Kc2 e1=Q 39. Rxe1 Rxe1 40. b4 Kd7 0-1


[Site "http://www.chessbomb.com"]

[Event "World Junior Chess Championship U20 2022"]
[White "Monferrato, Rocco"]
[Black "Vivoli, Alessandro"]
[WhiteFideId "3016536"]
[BlackFideId "11800240"]
[WhiteElo "1563"]
[BlackElo "1555"]
[Result "1-0"]
[Round "05"]
[TimeControl "5400+30"]
[Date "2022.10.15"]
[WhiteClock "0:14:45"]
[BlackClock "0:06:41"]

1. e4 e5 2. Nf3 Nc6 3. c3 Nf6 4. d4 exd4 5. e5 Nd5 6. cxd4 Bb4+ 7. Bd2 Bxd2+ 8. Nbxd2 O-O 9. Bc4 Nb6 10. Bb3 d5 11. O-O Bg4 12. Qc2 Na5 13. Rfc1 Nxb3 14. axb3 c6 15. b4 h6 16. b5 cxb5 17. Qd3 a6 18. Nb3 Nc4 19. Qc3 Bxf3 20. gxf3 b6 21. Rc2 Re8 22. Nc1 Re6 23. b3 Rg6+ 24. Kf1 Na5 25. Nd3 Rc6 26. Qb2 Rac8 27. Rxc6 Rxc6 28. Nb4 Rg6 29. Nxa6 Qc8 30. Nb4 Qh3+ 31. Ke2 Qd7 32. Qc2 Rg2 33. Rh1 Kf8 34. Qd3 Ke7 35. f4 Qg4+ 36. Qf3 Nxb3 37. Qxg4 Rxg4 38. Kf3 Rg6 39. Nxd5+ Ke6 40. f5+ Kxf5 41. Ne7+ Ke6 42. Nxg6 fxg6 43. Ke3 Kd5 44. Kd3 Nxd4 45. Rd1 Kxe5 46. f4+ Kxf4 47. Kxd4 g5 48. Rf1+ Kg4 49. Rf7 g6 50. Rf6 Kh3 51. Rxg6 Kxh2 52. Rxh6+ Kg3 53. Rxb6 Kf3 54. Rf6+ Kg3 55. Rf5 g4 56. Ke3 b4 57. Rb5 Kh2 58. Rxb4 g3 59. Rh4+ Kg1 60. Kf3 g2 61. Rg4 Kh1 62. Ke4 1-0


[Site "http://www.chessbomb.com"]

[Event "World Junior Chess Championship U20 2022"]
[White "Abdulla, Younes Alkhemeiri"]
[Black "Ahmed, Younes Alkhemeiri"]
[WhiteFideId "9324577"]
[BlackFideId "9324585"]
[WhiteElo "1405"]
[BlackElo "1139"]
[Result "1-0"]
[Round "05"]
[TimeControl "5400+30"]
[Date "2022.10.15"]
[WhiteClock "1:02:14"]
[BlackClock "0:24:08"]

1. c4 e6 2. g3 Nf6 3. Bg2 d5 4. Nf3 Bd6 5. d4 b6 6. cxd5 exd5 7. Nc3 Bb7 8. Bg5 O-O 9. Nd2 c6 10. e4 dxe4 11. Ndxe4 Be7 12. Nxf6+ Bxf6 13. Bxf6 Qxf6 14. O-O Rd8 15. Ne2 Ba6 16. Re1 Bxe2 17. Rxe2 h6 18. Rd2 Nd7 19. Qa4 b5 20. Qd1 Rac8 21. Rc1 Nb6 22. b3 Nd5 23. Rc5 Nb4 24. a3 Na6 25. Rc3 b4 26. axb4 Nxb4 27. Rc4 Nd5 28. Qa1 Rc7 29. Qa5 Qe7 30. Rdc2 Nb6 31. Rxc6 Rxc6 32. Bxc6 Rxd4 33. Ra2 Rd6 34. Rc2 Qe6 35. Qb5 Qh3 36. Rc1 Qe6 37. Bg2 Kh7 38. Rc7 Rd7 39. Rxd7 Qxd7 40. Qxd7 Nxd7 41. Kf1 Kg6 42. Ke2 Kf6 43. Kd3 Ke5 44. Kc4 Kd6 45. Kb5 Kc7 46. b4 Nb6 47. Ka6 Kb8 48. f4 Nc4 49. Kb5 Ne3 50. Bh3 f5 51. Kc5 Kc7 52. Kd4 Ng4 53. Bxg4 fxg4 54. Kc5 Kb7 55. Kb5 a6+ 56. Ka5 Ka7 57. b5 axb5 58. Kxb5 Kb7 59. Kc5 Kc7 60. Kd5 Kd7 61. Ke5 Ke7 62. Kf5 Kf7 63. Kxg4 Ke7 1-0


[Site "http://www.chessbomb.com"]

[Event "World Junior Chess Championship U20 2022"]
[White "Salem, Muhsan Shuaib"]
[Black "Ghaith, Saeed Alnuaimi"]
[WhiteFideId "9325824"]
[BlackFideId "9309152"]
[WhiteElo "1227"]
[BlackElo "1269"]
[Result "0-1"]
[Round "05"]
[TimeControl "5400+30"]
[Date "2022.10.15"]
[WhiteClock "0:02:19"]
[BlackClock "0:30:16"]

1. c4 e6 2. g3 d5 3. d4 Nf6 4. Bg2 Bb4+ 5. Bd2 Be7 6. Nf3 O-O 7. O-O Nbd7 8. Nc3 b6 9. cxd5 exd5 10. Ne5 Bb7 11. Bf4 c6 12. Rc1 Nxe5 13. Bxe5 Nd7 14. Bf4 Re8 15. e4 dxe4 16. Nxe4 Nf8 17. Qd2 Ne6 18. Be3 Qd7 19. Rfd1 Rad8 20. Nc3 Nc7 21. Bf4 Ne6 22. d5 Nxf4 23. Qxf4 cxd5 24. Nxd5 Bxd5 25. Bxd5 Bd6 26. Qc4 Qf5 27. Qc2 Qf6 28. Be4 h5 29. Bg2 h4 30. Qa4 hxg3 31. hxg3 Re2 32. Qd4 Qe7 33. Rd2 Re1+ 34. Rxe1 Qxe1+ 35. Bf1 Bc7 36. Re2 Qxf1+ 0-1


[Site "http://www.chessbomb.com"]